 Dungeon Crawl Stone Soup version 0.19.0 (webtiles) character file.

456 Jraekied the Sneak (level 6, -1/47 HPs)
             Began as a Demonspawn Assassin on Nov 14, 2016.
             Slain by a hound skeleton (4 damage)
             ... on level 4 of the Dungeon.
             The game lasted 00:13:10 (3985 turns).

Jraekied the Sneak (Demonspawn Assassin)            Turns: 3985, Time: 00:13:11

Health: -1/47      AC: 15    Str: 10 (11) XL:     6   Next: 77%
Magic:  6/6        EV: 12    Int: 13      God:
Gold:   205        SH:  0    Dex: 16      Spells: 0 memorised, 5 levels left

rFire  + . .     SeeInvis .     a - +3 dagger
rCold  + . .     Gourm    .     l - +2 robe {rC+ rF+}
rNeg   . . .     Faith    .     (no shield)
rPois  .         Spirit   .     (helmet restricted)
rElec  .         Reflect  .     d - +0 cloak
rCorr  .         Harm     .     A - +0 pair of gloves
MR     .....                    (no boots)
Stlth  +++.......               (no amulet)
                                (no ring)
                                (no ring)

@: sanguine armour
A: horns 1, sanguine armour 2
a: no special abilities


You were on level 4 of the Dungeon.
You were not hungry.

You visited 1 branch of the dungeon, and saw 4 of its levels.

You collected 205 gold pieces.

Inventory:

Hand Weapons
 a - a +3 dagger (weapon)
 b - a +0 blowgun
 p - a -3 dagger
 z - a +0 long sword
Missiles
 f - 6 curare-tipped needles
 y - 72 stones (quivered)
Armour
 c - a +0 robe
 d - a +0 cloak (worn)
 l - a +2 robe of resistance (worn)
 n - a +0 helmet
 A - a +0 pair of gloves (worn)
Scrolls
 h - 2 scrolls of noise
 m - a scroll of teleportation
 o - 4 scrolls of identify
 u - a scroll of blinking
Potions
 i - a potion of flight {unknown}
Comestibles
 g - 3 bread rations
 t - a beef jerky


   Skills:
 * Level 3.0 Fighting
 + Level 4.7 Short Blades
 - Level 1.7 Throwing
 - Level 0.8 Dodging
 - Level 5.9 Stealth


You had 5 spell levels left.
You didn't know any spells.

Dungeon Overview and Level Annotations

Branches:
Dungeon (4/15)
 Temple: D:4-7

Altars:
Fedhas

Annotations:
D:4 Oroborous's ghost, amateur MiSu


Innate Abilities, Weirdness & Mutations

You have a pair of small horns on your head.
When seriously injured, your bleeding wounds create thick armour. (AC +9)


Message History

The ogre misses you.
Firing (i - inventory. (,) - cycle):
f - 7 curare-tipped needles (quivered)
Press: ? - help, Shift-Dir - straight line, f/p - ogre
Aim: an ogre, wielding a giant club (heavily wounded, poisoned)
You shoot a curare-tipped needle.
The curare-tipped needle barely misses the ogre.
The ogre misses you.
a - a +3 dagger (weapon)
You are too injured to fight recklessly!
You hit the ogre.
The ogre is heavily wounded.
The ogre misses you.
The hound skeleton bites you but does no damage.
The hound skeleton bites you but does no damage.
You closely miss the hound skeleton. The hound skeleton closely misses you.
The ogre hits you with a giant club!
* * * LOW HITPOINT WARNING * * *
The hound skeleton barely misses you. The hound skeleton bites you.
You die...

#####.###.#...(..%
............#.....
#.....(...(#
#..#.####.##
#..#......#
#..#####..# #.O#
#..# #Z.# #..###.#
#@.#####......#
#.^)....(####.##
#.####.<........
#.####.#.######.
#...##.#.#
###[#†...######.#
#.............#
###..###.####.#
#.## ##.#


You could see an ogre and a hound skeleton.

Vanquished Creatures
  The ghost of darkdramon the Bolt Thrower, an amateur KoHu of Nemelex Xobeh (D:3)
  A bullfrog (D:4)
  2 orc priests
  An orc wizard (D:3)
  Jessica (D:3)
  A worker ant (D:4)
  3 gnolls (D:2)
  6 adders
  An ooze (D:2)
  2 worms
  A dart slug (D:2)
  A leopard gecko (D:3)
  14 orcs
  2 bats (D:2)
  2 giant cockroaches
  4 goblins
  9 hobgoblins
  5 jackals
  A quokka (D:4)
  5 frilled lizards
  11 kobolds
  9 rats
83 creatures vanquished.

Vanquished Creatures (others)
  An orc (D:3)
1 creature vanquished.

Grand Total: 84 creatures vanquished

Notes
Turn   | Place    | Note
-------+----------+-------------------------------------------
     0 | D:1      | Jraekied the Demonspawn Assassin began the quest for the Orb.
     0 | D:1      | Reached XP level 1. HP: 16/16 MP: 1/1
   500 | D:1      | Gained mutation: When seriously injured, your bleeding wounds create armour. (AC +9) [demonic ancestry]
   500 | D:1      | Reached XP level 2. HP: 17/22 MP: 2/2
   560 | D:1      | Reached skill level 4 in Stealth
  1145 | D:2      | Gained mutation: When seriously injured, your bleeding wounds create thick armour. (AC +9) [demonic ancestry]
  1145 | D:2      | Reached XP level 3. HP: 17/27 MP: 3/3
  1415 | D:2      | Found a faded altar of an unknown god.
  1457 | D:2      | Reached XP level 4. HP: 25/33 MP: 4/4
  1815 | D:3      | Noticed an ice beast
  1890 | D:3      | Noticed darkdramon's ghost (amateur KoHu)
  2305 | D:4      | Found a blossoming altar of Fedhas.
  2307 | D:4      | Got a crude pewter ring
  2407 | D:4      | Reached skill level 5 in Stealth
  2407 | D:4      | Reached XP level 5. HP: 32/38 MP: 5/5
  2441 | D:4      | Noticed Oroborous's ghost (amateur MiSu)
  2703 | D:3      | Noticed Jessica
  2707 | D:3      | Killed darkdramon's ghost
  2711 | D:3      | Gained mutation: You have a pair of small horns on your head. [demonic ancestry]
  2711 | D:3      | Reached XP level 6. HP: 16/44 MP: 6/6
  2715 | D:3      | Killed Jessica
  2965 | D:3      | Identified the ring "Zeinu" {+Fly rC++ rN+ Int-4 Stlth-} (You found it on level 4 of the Dungeon)
  3049 | D:3      | HP: 1/44 [orc/trident (3)]
  3985 | D:4      | Slain by a hound skeleton

Skill      XL: |  1  2  3  4  5  6 |
---------------+-------------------+-----
Short Blades   | 2 3 4 |  4.7
Stealth        | 4 5 |  5.9
Fighting       | 3 |  3.0
Throwing       | |  1.7
Dodging        | |  0.8

Action                   |  1- 3 |  4- 6 || total
-------------------------+-------+-------++-------
Melee: Dagger            |   102 |   268 ||   370
       Headbutt          |       |    18 ||    18
 Fire: Blowgun           |    18 |    23 ||    41
Throw: Stone             |       |     4 ||     4
  Use: Potion            |       |     8 ||     8
       Scroll            |       |    11 ||    11
 Stab: Sleeping          |     9 |     4 ||    13
       Distracted        |       |     2 ||     2
  Eat: Chunk             |     1 |     4 ||     5
       Meat ration       |       |     1 ||     1
Armor: Robe              |    26 |    91 ||   117
Dodge: Dodged            |    52 |   154 ||   206
